 Dungeon Crawl Stone Soup version 0.27.1-34-g3ba077fa99 (webtiles) character file.

Game seed: 5812692105341278687

1792 Delamore the Covert (level 9, 0/54 HPs)
             Began as an Octopode Brigand on Jan 30, 2022.
             Was a Priest of Kikubaaqudgha.
             Slain by an ice beast (6 damage)
             ... on level 6 of the Dungeon.
             The game lasted 00:10:37 (7266 turns).

Delamore the Covert (Octopode Brigand)              Turns: 7266, Time: 00:10:38

Health: 0/54       AC:  1    Str: 10    XL:     9   Next: 9%
Magic:  1/9        EV: 12    Int: 15    God:    Kikubaaqudgha [***...]
Gold:   176        SH:  0    Dex: 15    Spells: 0/8 levels left

rFire    . . .     SeeInvis .   m - +1 dagger (drain)
rCold    . . .     Faith    .   (no shield)
rNeg     . . .     Spirit   .   (helmet restricted)
rPois    .         Reflect  .   j - amulet of magic regeneration
rElec    .         Harm     .   r - ring of wizardry
rCorr    .         Rampage  .   (no ring)
Will     .....                  (no ring)
Stlth    +++++.....             (no ring)
HPRegen  0.18/turn              (no ring)
MPRegen  0.36/turn              (no ring)
                                (no ring)
                                (no ring)

@: no status effects
A: almost no armour, amphibious, 8 rings, camouflage 1, gelatinous body 1,
(nimble swimmer 1), tentacles
a: Renounce Religion, Receive Corpses


You were on level 6 of the Dungeon.
You worshipped Kikubaaqudgha.
Kikubaaqudgha was most pleased with you.
You visited 1 branch of the dungeon, and saw 6 of its levels.

You collected 251 gold pieces.
You spent 75 gold pieces at shops.

Inventory:

Hand Weapons
 a - a +2 dagger
 k - a +0 rapier
 m - a +1 dagger of draining (weapon)
Missiles
 b - 39 poisoned darts (quivered)
 e - 8 boomerangs
Jewellery
 j - an amulet of magic regeneration (around mantle)
 r - a ring of wizardry (left tentacle)
Wands
 g - a wand of flame (7)
 o - a wand of polymorph (11)
 t - a wand of iceblast (6)
Scrolls
 c - 2 scrolls of teleportation
 h - a scroll of enchant armour
 n - a scroll of holy word
 p - 2 scrolls of blinking
 q - a scroll of vulnerability
 u - 2 scrolls of identify
 v - a scroll of enchant weapon
Potions
 d - 3 potions of berserk rage
 f - a potion of curing {unknown}
 i - 2 potions of heal wounds
 l - 2 potions of might {unknown}
 s - a potion of lignification {unknown}


   Skills:
 - Level 2.0 Fighting
 + Level 8.0 Short Blades
 - Level 2.0 Throwing
 - Level 1.0 Dodging
 - Level 10.0 Stealth
 + Level 5.7 Necromancy


You couldn't memorise any spells.
You knew the following spells:

 Your Spells              Type           Power      Damage    Failure   Level
a - Pain                  Necr           68%        1d7       1%          1
b - Vampiric Draining     Necr           8%         2d7       3%          3
c - Animate Dead          Necr           8%         N/A       11%         4

Your spell library contained the following spells:

 Spells                   Type           Power      Damage    Failure   Level
 Sublimation of Blood     Necr           8%         N/A       1%          2
 Corpse Rot               Necr/Air       N/A        N/A       5%          2
 Corona                   Hex            0%         N/A       11%         1
 Dispel Undead            Necr           17%        3d10      11%         4
 Ensorcelled Hibernation  Hex/Ice        0%         N/A       16%         2
 Agony                    Necr           17%        N/A       28%         5
 Excruciating Wounds      Necr           8%         N/A       28%         5
 Spider Form              Tmut/Pois      0%         N/A       32%         3
 Swiftness                Air            0%         N/A       32%         3
 Tukima's Dance           Hex            0%         N/A       32%         3
 Petrify                  Tmut/Erth      0%         N/A       69%         4
 Metabolic Englaciation   Hex/Ice        0%         N/A       95%         5
 Silence                  Hex/Air        0%         N/A       95%         5
 Simulacrum               Ice/Necr       4%         N/A       99%         6
 Statue Form              Tmut/Erth      0%         N/A       100%        6


Dungeon Overview and Level Annotations

Branches:
Dungeon (6/15)             Temple (0/1) D:4

Altars:
Kikubaaqudgha
Okawaru

Shops:
D:4 *   D:5 *

Annotations:
D:3 3 runed translucent doors, tailblues's ghost, weakling DgTm


Innate Abilities, Weirdness & Mutations

You cannot wear most types of armour.
You are amphibious.
You can wear up to eight rings at the same time.
Your skin changes colour to match your surroundings (Stealth+).
Your rubbery body absorbs attacks. (AC +1, EV +1)
((You are camouflaged near water. (Stealth+)))
You have tentacles for arms and can constrict up to eight enemies at once.


Message History

Casting: Pain (safe; 1% risk of failure)
Confirm with . or Enter, or press ? or * to list all spells.
Aiming: Vampiric Draining (dangerous; 3% risk of failure)
Press: ? - help, Shift-Dir - straight line, f - ice beast, p - kobold
Aim: an ice beast You draw life force from the ice beast.
You feel life coursing into your body.
You feel sick. The ice beast hits you.
* * * LOW HITPOINT WARNING * * *
The ice beast freezes you!
* * * LOW HITPOINT WARNING * * *
The ice beast hits you.
* * * LOW HITPOINT WARNING * * *
The ice beast freezes you.
* * * LOW HITPOINT WARNING * * *
You feel much better.
You feel sick.
You are no longer poisoned.
The ice beast completely misses you.
Casting: Vampiric Draining (dangerous; 3% risk of failure)
Confirm with . or Enter, or press ? or * to list all spells.
Aiming: Vampiric Draining (dangerous; 3% risk of failure)
Press: ? - help, Shift-Dir - straight line, f/p - ice beast
Aim: an ice beast (lightly wounded)
You draw life force from the ice beast!
You feel life coursing into your body. The ice beast hits you.
The ice beast freezes you! The ice beast misses you.
Casting: Vampiric Draining (dangerous; 3% risk of failure)
Confirm with . or Enter, or press ? or * to list all spells.
Aiming: Vampiric Draining (dangerous; 3% risk of failure)
Press: ? - help, Shift-Dir - straight line, f/p - ice beast
Aim: an ice beast (heavily wounded)
You draw life force from the ice beast.
You feel life coursing into your body. The ice beast hits you.
The ice beast freezes you!
* * * LOW HITPOINT WARNING * * *
Okay, then.
Okay, then.
You feel yourself speed up. The ice beast hits you.
* * * LOW HITPOINT WARNING * * *
The ice beast freezes you.
You die...
Kikubaaqudgha rasps: "You have failed me!
Welcome... death!"

####.......####
...............
#o.....................
#......................
#......................
#o............KK.......
#...........# #K#
##...........# #Y#
.............###@#######
........................
..####.#######.#.#############
#.# #.#.# #....###
##.#######.#.# #......#
#####............# #....#.#
.................# #....#.#
.........)......<# #....#.#
.........†......## #).).#.#


You could see an ice beast and 3 kobolds.

Vanquished Creatures
  4 yaks
  2 ogres (D:4)
  2 necrophages
  2 centaurs
  A kobold brigand (D:6)
  2 scorpions
  2 centaur zombies
  A jelly (D:5)
  2 hounds
  A bullfrog skeleton (D:5)
  Terence (D:2)
  2 iguanas (D:6)
  2 orc wizards (D:6)
  2 hound skeletons
  5 gnolls (D:3)
  7 adders
  5 worms
  3 dart slugs
  6 orcs
  11 ball pythons
  4 bats
  7 endoplasms
  4 giant cockroaches
  4 goblins
  5 hobgoblins
  3 jackals
  2 quokkas
  3 frilled lizards
  3 kobolds
  3 rats
101 creatures vanquished.

Vanquished Creatures (others)
  An adder (D:2)
1 creature vanquished.

Grand Total: 102 creatures vanquished

Notes
Turn   | Place    | Note
-------+----------+-------------------------------------------
     0 | D:1      | Delamore the Octopode Brigand began the quest for the Orb.
     0 | D:1      | Reached XP level 1. HP: 14/14 MP: 1/1
   109 | D:1      | Reached XP level 2. HP: 19/19 MP: 2/2
   445 | D:1      | Reached skill level 6 in Stealth
   459 | D:1      | Found a faded altar of an unknown god.
   594 | D:1      | Became a worshipper of Kikubaaqudgha
   594 | D:1      | Reached * piety under Kikubaaqudgha
   594 | D:1      | Received a gift from Kikubaaqudgha
   907 | D:2      | Found an iron altar of Okawaru.
   918 | D:2      | Reached XP level 3. HP: 7/24 MP: 3/3
  1617 | D:2      | You fall into a shaft and drop 2 floors!
  1621 | D:4      | Noticed an ogre
  1626 | D:4      | Killed an ogre
  1627 | D:4      | Reached skill level 7 in Stealth
  1627 | D:4      | Reached XP level 4. HP: 29/29 MP: 4/4
  1627 | D:4      | Reached XP level 5. HP: 34/34 MP: 5/5
  1742 | D:3      | Reached skill level 8 in Stealth
  1742 | D:3      | Found a runed translucent gate.
  1742 | D:3      | Found a runed translucent gate.
  1743 | D:3      | Found a runed translucent gate.
  1748 | D:3      | Noticed tailblues's ghost (weakling DgTm)
  2076 | D:2      | Reached ** piety under Kikubaaqudgha
  2190 | D:3      | Noticed Terence
  2209 | D:2      | Killed Terence
  2707 | D:3      | Reached XP level 6. HP: 4/39 MP: 6/6
  3581 | D:4      | Reached skill level 9 in Stealth
  3802 | D:4      | Found a staircase to the Ecumenical Temple.
  3819 | D:4      | Noticed a necrophage
  3848 | D:4      | Killed a necrophage
  3849 | D:4      | Reached XP level 7. HP: 36/45 MP: 7/7
  3964 | D:4      | Reached skill level 10 in Stealth
  4180 | D:4      | Reached skill level 5 in Short Blades
  4433 | D:4      | Found Ittiris's Assorted Antiques.
  4437 | D:4      | Bought a scroll of identify for 50 gold pieces
  4437 | D:4      | Bought a scroll labelled IKLEOS ZIRE for 25 gold pieces
  4901 | D:5      | Entered Level 5 of the Dungeon
  5086 | D:5      | Reached skill level 1 in Necromancy
  5151 | D:5      | Learned a level 1 spell: Pain
  5155 | D:5      | Learned a level 3 spell: Vampiric Draining
  5247 | D:5      | Noticed a yak
  5247 | D:5      | Noticed a yak
  5248 | D:5      | Found Fytahe's CLEARANCE SALE! EVERYTHING MUST GO!.
  5248 | D:5      | Noticed a yak
  5248 | D:5      | Noticed a yak
  5285 | D:5      | Killed a yak
  5286 | D:5      | Reached XP level 8. HP: 36/50 MP: 8/8
  5429 | D:4      | Killed a yak
  5740 | D:5      | Got Waamil's Collected Works on Cloudy Toxins
  5986 | D:5      | Killed a yak
  6000 | D:5      | Killed a yak
  6873 | D:6      | Reached skill level 5 in Necromancy
  7023 | D:6      | Reached XP level 9. HP: 39/54 MP: 9/9
  7218 | D:6      | Reached *** piety under Kikubaaqudgha
  7218 | D:6      | Received a gift from Kikubaaqudgha
  7227 | D:6      | Learned a level 4 spell: Animate Dead
  7262 | D:6      | HP: 2/54 [ice beast (5)]
  7266 | D:6      | Slain by an ice beast

Illustrated notes

Levels and vault maps discovered:
D:1:      onia_arrival_handbag, layout_rooms,
          dreamdust_ecumenical_altar_hidden_monk_grotto, kennysheep_flooded_box
D:2:      layout_basic, basic_altar, lemuel_old_faithful
D:3:      layout_basic, gammafunk_ghost_necromancy, uniq_terence
D:4:      minmay_opposing_rooms, layout_loops_ring, minmay_temple_entry_trees,
          serial_shops, nicolae_shop_stone, minmay_crystal_room, minivault_26
D:5:      layout_basic, nicolae_shop_clearance
D:6:      layout_basic

Skill      XL: |  1  2  3  4  5  6  7  8  9 |
---------------+----------------------------+-----
Stealth        | 6 7 8 9 10 | 10.0
Short Blades   | 3 4 6 7 8 |  8.0
Necromancy     | 2 5 |  5.7
Fighting       | |  2.0
Throwing       | |  2.0
Dodging        | |  1.0

Action                   |  1- 3 |  4- 6 |  7- 9 || total
-------------------------+-------+-------+-------++-------
Melee: Dagger            |    45 |    63 |   151 ||   259
       Constrict         |     6 |    10 |    12 ||    28
       Tentacles         |     1 |    10 |    27 ||    38
Throw: Dart              |       |    10 |    17 ||    27
       Boomerang         |       |     2 |       ||     2
       Throwing net      |       |     1 |       ||     1
 Cast: Pain              |       |       |    10 ||    10
       Vampiric Draining |       |       |    12 ||    12
  Use: Scroll            |     3 |     5 |     3 ||    11
       Potion            |       |     1 |     1 ||     2
 Stab: Sleeping          |    14 |     8 |    16 ||    38
       Distracted        |       |       |     2 ||     2
Armor: Skin              |     7 |     1 |    12 ||    20
Dodge: Dodged            |    15 |    30 |    83 ||   128
